 Dungeon Crawl Stone Soup version 0.16-a0-2347-ge8e7350 (webtiles) character file.

465 Asanbosam the Sneak (level 6, -2/41 HPs)
             Began as a Vampire Enchanter on Nov 17, 2014.
             Killed by divine providence
             ... invoked by an orc priest
              (13 damage)
             ... on level 4 of the Dungeon.
             The game lasted 00:14:32 (3541 turns).

Asanbosam the Sneak (Vampire Enchanter)             Turns: 3541, Time: 00:14:32

Health: -2/41      AC:  5    Str: 12    XL:     6   Next: 80%
Magic:  7/10       EV: 14    Int: 21    God:
Gold:   179        SH:  0    Dex: 21    Spells: 3 memorised, 3 levels left

rFire  . . .     SeeInvis +     a - +1 dagger
rCold  + . .     Clarity  .     x - +0 leather armour of a ziggurat {Int+4 Dex+5}
rNeg   + + +     SustAb   .     (no shield)
rPois  +         Gourm    .     (no helmet)
rElec  .         Spirit   .     f - +0 cloak
rCorr  .         Warding  .     (no gloves)
rMut   .         Stasis   .     t - +0 pair of boots
MR     .....                    (no amulet)
Stlth  ++++......               l - ring of positive energy
                                (no ring)

@: mighty, regenerating slowly, not resistant to hostile enchantments, stealthy
A: bottle blood, fangs 3, see invisible, unbreathing, forlorn
a: Bat Form


You were on level 4 of the Dungeon.
You were thirsty.

You visited 1 branch of the dungeon, and saw 4 of its levels.

You collected 179 gold pieces.

Inventory:

Hand weapons
 a - a +1 dagger (weapon)
Armour
 f - a +0 cloak (worn)
 t - a +0 pair of boots (worn)
 x - the +0 leather armour of a ziggurat (worn) {Int+4 Dex+5}
   (You found it on level 4 of the Dungeon)

   It affects your intelligence (+4).
   It affects your dexterity (+5).
Jewellery
 l - a ring of positive energy (right hand)
Magical devices
 p - a wand of confusion (37)
Scrolls
 e - 3 scrolls of fog
 h - a scroll of fear {unknown}
 i - a scroll of teleportation {unknown}
 k - 2 scrolls of amnesia {unknown}
 m - a scroll of immolation {unknown}
 o - a scroll of remove curse
 s - a scroll of enchant weapon {unknown}
 w - a scroll of enchant armour {unknown}
Potions
 d - 6 potions of blood
 g - 2 potions of heal wounds
 q - a potion of mutation
 v - a potion of flight {unknown}
Books
 c - a book of Maledictions

   Spells                             Type                      Level
   *Corona                            Hexes                        1
   Sure Blade                         Hexes/Charms                 2
   *Ensorcelled Hibernation           Hexes/Ice                    2
   *Confuse                           Hexes                        3
   Dazzling Spray                     Conjuration/Hexes            3
   Enslavement                        Hexes                        4


   Skills:
 * Level 4.9 Short Blades
 + Level 0.1 Armour
 + Level 3.8 Dodging
 + Level 6.2 Stealth
 - Level 2.0 Spellcasting
 + Level 5.9 Hexes
 + Level 2.0 Ice Magic


You had 3 spell levels left.
You knew the following spells:

 Your Spells              Type           Power        Failure   Level  Hunger
a - Corona                Hex            ####...      1%          1    #......
c - Confuse               Hex            ####....     4%          3    ###....
h - Ensorcelled Hibernat  Hex/Ice        ###...       6%          2    ##.....


Dungeon Overview and Level Annotations

Branches:
Dungeon (4/15)
 Temple: D:4-7

Altars:
Qazlal
Xom

Annotations:
D:2 Sigmund


Innate Abilities, Weirdness & Mutations

You heal slowly.
You can bottle blood from corpses.
You have razor-sharp teeth.
You have supernaturally acute eyesight.
You can survive without breathing.
You have difficulty communicating with the divine.


Message History

The orc priest barely misses you.
You see here 8 stones.
You puncture the orc priest!
You kill the orc priest!
You hit the adder skeleton. The adder skeleton closely misses you.
You puncture the adder skeleton!
You destroy the adder skeleton!
Your Ice Magic skill increases to level 2!
You barely miss the orc priest. The orc priest hits you with a mace!
You hit the orc priest.
The orc priest is lightly wounded.
You hit the orc priest. Your bite misses the orc priest.
The orc priest is moderately wounded.
The orc priest hits you with a mace!
* * * LOW HITPOINT WARNING * * *
You puncture the orc priest!
The orc priest is almost dead.
The orc priest mumbles some strange prayers to Beogh against you.
Something smites you!
You die...

##...######.##.# ......##
#.##.# .#####[####.##.#########
# #####.##.........)...###### #
#..))).[...#.##...........###
###.###......#.##..###.........
.##.##.#...........###o..##.###
#..#..##.....#.###.#...........
................@o.......#####.
<#####..#.#.##..##.#.#.#.# ##
#.#.#.##..##.#.#.#.# .##
#..#.#.##..##.#.#.#.# ..#
#.#.#.#.##)(##.#†#...# ##.#..#
#.#.....##.#.##. ###<#
#....<............... ....#
#.#####.##.#......## ##### #
#.##.#.###.##


You could see an orc priest.

Vanquished Creatures
  An ogre (D:4)
  3 orc priests (D:4)
  2 orc wizards (D:4)
  A worker ant (D:4)
  An iguana (D:4)
  Ijyb (D:2)
  8 adders
  2 worms
  An adder skeleton (D:4)
  9 orcs
  2 giant cockroaches (D:1)
  9 goblins
  4 hobgoblins
  10 jackals
  2 quokkas (D:3)
  A ball python (D:2)
  11 bats
  3 giant geckos
  9 giant newts
  12 kobolds
  4 rats
96 creatures vanquished.

Vanquished Creatures (others)
  A rat (D:2)
1 creature vanquished.

Grand Total: 97 creatures vanquished

Notes
Turn   | Place    | Note
--------------------------------------------------------------
     0 | D:1      | Asanbosam, the Vampire Enchanter, began the quest for the Orb.
     0 | D:1      | Reached XP level 1. HP: 13/13 MP: 3/3
   241 | D:1      | Reached XP level 2. HP: 16/19 MP: 4/4
   256 | D:1      | Learned a level 2 spell: Ensorcelled Hibernation
   896 | D:1      | Reached XP level 3. HP: 22/24 MP: 6/6
   989 | D:2      | Noticed Sigmund
  1108 | D:2      | Noticed Ijyb
  1142 | D:2      | Killed Ijyb
  1142 | D:2      | Reached skill level 5 in Stealth
  1501 | D:3      | Reached XP level 4. HP: 30/30 MP: 5/7
  1541 | D:3      | Reached skill level 5 in Hexes
  1633 | D:3      | Found a shimmering altar of Xom.
  1760 | D:2      | Learned a level 3 spell: Confuse
  2098 | D:2      | Reached XP level 5. HP: 25/35 MP: 3/9
  2301 | D:2      | Found a stormy altar of Qazlal.
  2581 | D:4      | Reached skill level 1 in Ice Magic
  2929 | D:4      | Reached skill level 6 in Stealth
  2929 | D:4      | Reached XP level 6. HP: 41/41 MP: 5/10
  3009 | D:4      | Noticed an ogre
  3039 | D:4      | Killed an ogre
  3046 | D:4      | Got a fine leather armour
  3077 | D:4      | Identified the +0 leather armour of a ziggurat {Int+4 Dex+5} (You found it on level 4 of the Dungeon)
  3513 | D:3      | Gained mutation: Your mind is acute. (Int +2) [potion of mutation]
  3513 | D:3      | Lost mutation: Your mind is acute. (Int +2) [potion of mutation]
  3513 | D:3      | Gained mutation: You have difficulty communicating with the divine. [potion of mutation]
  3541 | D:4      | Killed from afar by an orc priest

Action                   |  1- 3 |  4- 6 || total
-------------------------+-------+-------++-------
Melee: Dagger            |   160 |   181 ||   341
 Cast: Ensorcelled Hiber |     3 |    30 ||    33
       Corona            |     2 |       ||     2
       Confuse           |       |     7 ||     7
Evoke: Wand              |       |     1 ||     1
  Use: Scroll            |     4 |     1 ||     5
       Potion            |       |     7 ||     7
 Stab: Sleeping          |     8 |    25 ||    33
       Confused          |       |     6 ||     6
  Eat: Corpse            |     1 |     1 ||     2
